 Dungeon Crawl Stone Soup version 0.20.0-10-g0535bb4 (webtiles) character file.

373 MDvedh the Ducker (level 6, -9/52 HPs)
             Began as a Minotaur Wanderer on June 5, 2017.
             Mangled by Menkaure (17 damage)
             ... on level 4 of the Dungeon.
             The game lasted 00:07:06 (4326 turns).

MDvedh the Ducker (Minotaur Wanderer)               Turns: 4326, Time: 00:07:07

Health: -9/52      AC: 10    Str: 19    XL:     6   Next: 43%
Magic:  5/5        EV:  8    Int: 11    God:
Gold:   166        SH:  0    Dex:  7    Spells: 5/5 levels left

rFire    . . .     SeeInvis .   b - +1 mace
rCold    . . .     Gourm    .   (no shield)
rNeg     . . .     Faith    .   x - +0 chain mail
rPois    .         Spirit   .   (helmet restricted)
rElec    .         Reflect  .   (no cloak)
rCorr    .         Harm     .   n - +0 pair of gloves (curse)
MR       .....                  (no boots)
Stlth    ..........             (no amulet)
Regen    0.2/turn               (no ring)
MPRegen  0.1/turn               (no ring)

@: no status effects
A: retaliatory headbutt, horns 2
a: no special abilities


You were on level 4 of the Dungeon.
You were not hungry.

You visited 1 branch of the dungeon, and saw 4 of its levels.

You collected 166 gold pieces.

Inventory:

Hand Weapons
 a - a +2 shortbow
 b - a +1 mace (weapon)
Missiles
 c - 22 arrows
Armour
 n - a cursed +0 pair of gloves (worn)
 x - a +0 chain mail (worn)
Wands
 h - a wand of polymorph (16/24)
Scrolls
 e - a scroll of amnesia {unknown}
 j - a scroll of enchant weapon
 p - 2 scrolls of remove curse
 r - a scroll of fear
Potions
 d - a potion of degeneration {unknown}
 f - a potion of lignification {unknown}
 i - a potion of invisibility {unknown}
 k - a potion of cancellation
 m - 2 potions of agility {unknown}
 s - a potion of haste {unknown}
 t - 2 potions of might
 z - a potion of brilliance
Comestibles
 g - 3 bread rations
 q - 4 meat rations


   Skills:
 + Level 3.9 Fighting
   Level 1.3 Long Blades
 * Level 4.0 Maces & Flails
   Level 1.2 Polearms
 - Level 2.1 Bows
 - Level 1.0 Throwing
 + Level 3.6 Armour
 + Level 4.4 Dodging
 - Level 1.0 Stealth
   Level 1.2 Shields


You had 5 spell levels left.
You didn't know any spells.

Dungeon Overview and Level Annotations

Branches:
Dungeon (4/15)
 Temple: D:4-7

Altars:
Ashenzari
Sif Muna
Uskayaw
Xom

Annotations:
D:2 exclusion: 2 doors
D:4 Menkaure


Innate Abilities, Weirdness & Mutations

You reflexively headbutt those who attack you in melee.
You have a pair of horns on your head.


Message History

* * * LOW HITPOINT WARNING * * *
You are too injured to fight recklessly!
You are too injured to fight recklessly!
You are too injured to fight recklessly!
You hit Menkaure.
Menkaure is heavily damaged.
The bullfrog skeleton barely misses you.
Menkaure hits you but does no damage.
You thump Menkaure!
Menkaure is almost destroyed.
The bullfrog skeleton hits you but does no damage.
Menkaure gestures at you while chanting.
Pain shoots through your body!
* * * LOW HITPOINT WARNING * * *
The bullfrog skeleton hits you but does no damage.
You closely miss Menkaure.
Menkaure is almost destroyed.
The bullfrog skeleton hits you but does no damage.
Menkaure hits you!
You die...

##............## ##.
#............## ##[.
#..#.........# #..#
##.###.......## ##.## #..#
###...### ##.###
##..######################.## #
###..........................# ##
#...........)..##.##########.###.
....######### #@Z..# #..##.
....### #.M......# ##.##. ......#
#.........# #.... ......#
#..........# ##... ......#
##.......... ##.. #....##
#.......... #.. ##..##
##......... ##. #..# ##....... #.
#..# ##


You could see Menkaure and a bullfrog skeleton.

Vanquished Creatures
  A hound (D:4)
  2 orc wizards
  2 orc priests (D:3)
  An iguana (D:3)
  A worker ant (D:4)
  4 adders
  An ooze (D:4)
  An adder skeleton (D:4)
  2 worms (D:2)
  4 dart slugs
  2 leopard geckos
  9 orcs
  A ball python (D:4)
  5 bats
  2 giant cockroaches
  18 goblins
  13 hobgoblins
  13 jackals
  3 quokkas
  3 frilled lizards
  A jackal skeleton (D:4)
  7 kobolds
  9 rats
105 creatures vanquished.

Notes
Turn   | Place    | Note
-------+----------+-------------------------------------------
     0 | D:1      | MDvedh the Minotaur Wanderer began the quest for the Orb.
     0 | D:1      | MDvedh set off with: a +2 shortbow, 25 arrows, a +0 falchion, 13 poisoned needles, a +0 blowgun, a +0 robe, a bread ration
     0 | D:1      | Reached XP level 1. HP: 16/16 MP: 0/0
    15 | D:1      | Reached skill level 1 in Armour
    31 | D:1      | Reached XP level 2. HP: 20/24 MP: 1/1
   391 | D:1      | Reached XP level 3. HP: 26/30 MP: 2/2
   598 | D:2      | Reached skill level 1 in Long Blades
   675 | D:2      | Found a hide-covered altar of Uskayaw.
  1468 | D:3      | Reached skill level 1 in Maces & Flails
  1468 | D:3      | Reached XP level 4. HP: 4/38 MP: 3/3
  1946 | D:3      | Reached XP level 5. HP: 45/45 MP: 4/4
  3095 | D:3      | Reached XP level 6. HP: 46/52 MP: 5/5
  3687 | D:4      | Found a shattered altar of Ashenzari.
  3792 | D:4      | Found a shimmering altar of Xom.
  4271 | D:4      | Found a deep blue altar of Sif Muna.
  4315 | D:4      | Noticed Menkaure
  4326 | D:4      | Mangled by Menkaure

Skill      XL: |  1  2  3  4  5  6 |
---------------+-------------------+-----
Armour         | 1 2 3 |  3.6
Fighting       | 2 3 |  3.9
Long Blades    | 1 |  1.3
Maces & Flails | 1 2 3 4 |  4.0
Dodging        | 4 |  4.4
Polearms       | |  1.2
Bows           | |  2.1
Throwing       | |  1.0
Stealth        | |  1.0
Shields        | |  1.2

Action                   |  1- 3 |  4- 6 || total
-------------------------+-------+-------++-------
Melee: Falchion          |    27 |       ||    27
       Headbutt          |    16 |    19 ||    35
       Mace              |    78 |   187 ||   265
 Fire: Shortbow          |    10 |     5 ||    15
  Use: Scroll            |       |    10 ||    10
 Stab: Sleeping          |     1 |       ||     1
  Eat: Chunk             |     2 |     9 ||    11
Armor: Robe              |    23 |       ||    23
       Ring mail         |     6 |    32 ||    38
       Chain mail        |       |    63 ||    63
Dodge: Dodged            |    74 |   113 ||   187
       Rpst.: Falchion   |     5 |       ||     5
